Map: Ascension to Aiur LE

Players

liquidthermy (uThermal)

  • Race: Terran Terran
  • League: Master
  • Spawn Location: 11:00

PtitDrogo - Winner!

  • Race: Protoss Protoss
  • League: Master
  • Spawn Location: 5:00

Event: HomeStory Cup XV

VOD

Have the link to the VOD?

Description

Time

  • Played on: July 22, 2017, 2:07 p.m.
  • Length: 9:15

All games in this series

Show
View Real Time Build Order
Export as new Build Order

liquidthermy Terran 

Build Orders: Cyclone Opening, Reaper Expand, MMM Bio 

Get SALT Encoding   

  12  0:02  SCV  
  14  0:14  SCV  
  14  0:18  Supply Depot  
  14  0:26  SCV  
  14  0:28  Refinery  
  15  0:39  SCV  
  16  0:44  Barracks  
  16  0:51  SCV  
  17  1:04  SCV  
  18  1:16  SCV  
  19  1:31  Orbital Command, Reaper  
  20  1:47  Command Center  
  20  1:53  Factory  
  20  1:56  SCV  
  21  2:07  Barracks Reactor  
  21  2:08  SCV  
  21  2:11  Supply Depot  
  22  2:16  Refinery  
  22  2:20  SCV  
  23  2:35  SCV  
  24  2:42  Cyclone  
  24  2:43  Marine x2  
  29  2:48  SCV  
  30  2:59  Orbital Command  
  30  3:00  SCV  
  30  3:03  Marine  
  30  3:04  Marine  
  33  3:12  SCV  
  34  3:25  SCV  
  34  3:26  SCV, Engineering Bay  
  35  3:28  Cyclone x2  
  35  3:29  Barracks Tech Lab  
  35  3:31  Supply Depot  
  41  3:38  SCV x2  
  43  3:48  Marine  
  43  3:49  Stimpack  
  43  3:50  SCV x2  
  43  3:52  Missile Turret  
  43  3:55  Missile Turret  
  46  4:02  SCV  
  47  4:03  SCV  
  48  4:15  SCV  
  48  4:16  SCV  
  50  4:19  Command Center  
  50  4:20  Supply Depot  
  50  4:25  Marine  
  50  4:28  SCV x2  
  53  4:33  Factory Tech Lab  
  53  4:38  Barracks  
  53  4:39  Barracks  
  53  4:40  SCV  
  53  4:44  SCV  
  55  4:49  Marauder  
  55  4:51  Terran Infantry Weapons Level 1, Supply Depot  
  55  4:52  SCV  
  55  4:56  SCV  
  55  4:58  Starport  
  55  4:59  Factory Reactor  
  56  5:04  SCV  
  57  5:08  Bunker, SCV  
  57  5:10  Marauder  
  57  5:13  Supply Depot  
  60  5:14  Refinery  
  60  5:15  Refinery  
  60  5:19  SCV  
  60  5:20  SCV  
  61  5:26  Supply Depot  
  61  5:27  Marine x2  
  63  5:31  Marauder  
  63  5:33  Orbital Command  
  65  5:36  SCV x2  
  65  5:40  Marine  
  68  5:43  Factory Reactor  
  68  5:45  Medivac x2  
  68  5:49  Marine, Missile Turret  
  73  5:51  SCV x2  
  75  5:59  SCV  
  75  6:01  Combat Shields, Concussive Shells  
  75  6:03  Marine, SCV x2  
  75  6:04  Marauder, Marine  
  81  6:10  Marine  
  83  6:11  SCV  
  83  6:15  SCV  
  83  6:16  Supply Depot  
  86  6:18  SCV  
  86  6:19  Supply Depot  
  86  6:21  Medivac  
  86  6:23  SCV  
  86  6:24  Medivac  
  91  6:27  SCV  
  91  6:30  SCV, Refinery  
  91  6:31  Refinery  
  93  6:33  Missile Turret  
  93  6:34  Marine  
  93  6:35  Marine  
  93  6:36  SCV, Marine  
  93  6:37  Supply Depot  
  93  6:39  SCV  
  98  6:41  Widow Mine x2  
  98  6:42  SCV  
  98  6:46  Terran Infantry Armor Level 1  
  103  6:48  SCV  
  103  6:51  SCV  
  103  6:53  Supply Depot  
  109  6:57  Barracks  
  109  6:59  SCV, Barracks  
  109  7:00  Marine x2, Supply Depot  
  109  7:01  Marauder, SCV  
  110  7:06  Sensor Tower  
  110  7:08  Marine  
  112  7:10  Supply Depot  
  112  7:12  Widow Mine  
  112  7:13  Widow Mine  
  116  7:18  Marine, SCV  
  116  7:20  Marine  
  116  7:22  Marauder  
  118  7:26  Marauder, SCV  
  112  7:32  SCV  
  112  7:36  Marine  
  112  7:37  Medivac  
  113  7:38  Marine  
  113  7:40  Medivac  
  113  7:43  Marauder  
  118  7:47  Marine  
  119  7:53  Marine  
  119  7:55  Marine  
  107  8:04  Marine  
  107  8:05  Marauder x2  
  95  8:11  Marine, Engineering Bay  
  96  8:13  Barracks Tech Lab  
  96  8:17  Marine  
  98  8:26  Marauder  
  101  8:27  Marauder  
  101  8:29  Marine  
  101  8:31  Marine  
  96  8:35  Marine  
  96  8:37  Barracks Reactor  
  96  8:38  Widow Mine, Armory  
  98  8:47  Marauder, Marine  
  103  8:48  Marauder  
  103  8:49  Marine  
  103  8:53  Marine  
  102  8:56  SCV x2  
Show
View Real Time Build Order
Export as new Build Order

PtitDrogo Protoss - Winner!

Build Orders: 1 Gate Expand 

Get SALT Encoding   

  12  0:01  Probe (Chrono Boost)  
  13  0:11  Probe (Chrono Boost)  
  14  0:17  Pylon  
  14  0:22  Probe (Chrono Boost)  
  15  0:35  Probe (Chrono Boost)  
  16  0:36  Gateway  
  16  0:42  Assimilator  
  16  0:45  Probe (Chrono Boost)  
  17  0:56  Probe (Chrono Boost)  
  18  1:07  Probe (Chrono Boost)  
  19  1:19  Nexus  
  19  1:24  Probe (Chrono Boost)  
  20  1:32  Cybernetics Core  
  20  1:35  Probe (Chrono Boost)  
  21  1:41  Assimilator  
  21  1:45  Probe (Chrono Boost)  
  22  1:51  Pylon  
  22  1:56  Probe (Chrono Boost)  
  23  2:06  Warp Gate  
  23  2:09  Probe (Chrono Boost), Adept (Chrono Boost)  
  26  2:21  Probe  
  27  2:23  Robotics Facility  
  27  2:33  Probe, Adept (Chrono Boost)  
  27  2:34  Probe  
  31  2:44  Probe  
  31  2:45  Probe  
  33  2:56  Adept (Chrono Boost)  
  33  2:57  Probe  
  36  3:03  Probe  
  36  3:09  Probe  
  37  3:18  Probe  
  38  3:24  Observer (Chrono Boost)  
  40  3:27  Probe, Gateway  
  40  3:30  Probe, Gateway  
  40  3:34  Pylon  
  41  3:39  Probe (Chrono Boost)  
  42  3:42  Pylon, Mothership Core (Chrono Boost)  
  42  3:43  Observer (Chrono Boost)  
  45  3:50  Probe (Chrono Boost)  
  45  3:55  Forge  
  46  3:59  Twilight Council  
  46  4:01  Probe x2 (Chrono Boost)  
  48  4:10  Stalker  
  48  4:11  Probe (Chrono Boost)  
  48  4:12  Probe (Chrono Boost)  
  52  4:21  Pylon, Assimilator x2  
  52  4:22  Probe x2 (Chrono Boost)  
  54  4:24  Stalker  
  54  4:26  Protoss Ground Weapons Level 1 (Chrono Boost)  
  54  4:27  Stalker  
  58  4:32  Probe  
  59  4:40  Stalker  
  59  4:42  Resonating Glaives (Chrono Boost)  
  61  4:50  Probe  
  61  4:51  Warp Prism (Chrono Boost)  
  64  4:56  Probe  
  65  5:02  Probe  
  66  5:08  Probe  
  66  5:09  Pylon  
  66  5:13  Nexus  
  67  5:16  Pylon  
  67  5:17  Probe  
  68  5:21  Probe  
  68  5:27  Observer (Chrono Boost)  
  70  5:29  Probe  
  70  5:33  Probe  
  70  5:34  Gateway  
  72  5:36  Gateway x2  
  72  5:38  Gateway  
  72  5:42  Probe  
  73  5:45  Probe  
  73  5:48  Sentry x3  
  80  5:54  Probe, Immortal (Chrono Boost)  
  85  6:03  Probe  
  86  6:10  Pylon  
  86  6:13  Pylon  
  86  6:18  Pylon  
  86  6:22  Pylon  
  86  6:24  Probe x2  
  86  6:25  Probe  
  88  6:30  Sentry  
  88  6:31  Immortal  
  95  6:35  Probe  
  95  6:36  Probe x2  
  95  6:38  Sentry  
  95  6:39  Adept x2  
  104  6:40  Adept  
  104  6:42  Blink  
  104  6:43  Adept  
  108  6:48  Probe  
  108  6:49  Probe  
  110  6:54  Adept  
  110  6:55  Adept  
  110  6:59  Protoss Ground Armor Level 1 (Chrono Boost)  
  110  7:00  Adept x2  
  110  7:01  Adept  
  120  7:08  Probe x2  
  122  7:09  Assimilator  
  122  7:14  Adept  
  122  7:15  Adept x3  
  130  7:20  Probe  
  129  7:25  Probe  
  129  7:26  Probe  
  123  7:30  Assimilator  
  113  7:47  Adept x7  
  113  7:49  Probe  
  113  7:51  Immortal, Robotics Bay  
  116  8:13  Stalker x7  
  116  8:14  Probe  
  116  8:15  Probe  
  116  8:17  Probe  
  133  8:26  Probe  
  128  8:28  Probe  
  121  8:39  Nexus  
  123  8:42  Pylon  
  125  9:00  Stalker x3  
  125  9:01  Stalker x3  
Tags
 
Add a new tag
Caveats
  • Supply blocks, unpowered buildings, or Contaminate may cause inaccurate times.
  • Supply counts are checked every 10 seconds.